 Dungeon Crawl Stone Soup version 0.29-a0-44-g72cdf85 (webtiles) character file.

Game seed: 11958354266343551844

231996 Dorkslayer the Peltast (level 18, -1/160 HPs)
             Began as a Deep Dwarf Berserker on Jan 31, 2022.
             Was the Champion of Trog.
             Killed from afar by a deep elf sorcerer (39 damage)
             ... with damnation
             ... on level 3 of the Elven Halls on Feb 2, 2022.
             The game lasted 03:08:15 (28013 turns).

Dorkslayer the Peltast (Deep Dwarf Berserker)      Turns: 28013, Time: 03:08:16

Health: -1/160     AC: 49    Str: 33    XL:     18   Next: 81%
Magic:  15/15      EV:  7    Int: 10    God:    Trog [******]
Gold:   566        SH: 27    Dex: 18    Spells: 17/17 levels left

rFire   + . .      SeeInvis .   c - +8 demon trident (vamp)
rCold   . . .      Faith    .   O - +0 tower shield {AC+3}
rNeg    + + .      Spirit   .   b - +14 crystal plate armour
rPois   .          Reflect  +   G - +0 helmet of Impressiveness {rF+ Regen+ Int+2 Dex+4}
rElec   +          Harm     .   F - +0 cloak
rCorr   .          Rampage  .   f - +1 pair of gloves
Will    ++++.      Rage     1%  u - +0 pair of boots
Stlth   ..........              T - amulet of reflection
HPRegen 1.00/turn               o - ring of Hehor {rN+ Str+6}
MPRegen 0.14/turn               p - ring of Caycsuv {Fly rElec Str+2 Stlth+}

@: strong-willed, flying, regenerating
A: damage resistance, heal wounds, negative energy resistance 1, sense
surroundings 3, no regeneration, berserk 1, dopey 1, frail 1, high MP 1
}: 1/15 runes: decaying
a: Heal Wounds, Renounce Religion, Berserk, Trog's Hand, Brothers in Arms


You were on level 3 of the Elven Halls.
You worshipped Trog.
Trog was exalted by your worship.
You visited 6 branches of the dungeon, and saw 31 of its levels.
You visited the Abyss 1 time.
You also visited: Ossuary and Bailey.

You collected 4630 gold pieces.
You spent 4064 gold pieces at shops.

Inventory:

Hand Weapons
 c - a +8 vampiric demon trident (weapon)
 w - a +3 vorpal scimitar
Missiles
 E - 17 boomerangs
 J - a throwing net (quivered)
 K - 2 boomerangs of dispersal
 M - a silver boomerang
Armour
 b - a +14 crystal plate armour (worn)
 f - a +1 pair of gloves (worn)
 u - a +0 pair of boots (worn)
 F - a +0 cloak (worn)
 G - the +0 helmet of Impressiveness (worn) {rF+ Regen+ Int+2 Dex+4}
   (You bought it in a shop on level 2 of the Orcish Mines)

   Int:       It affects your intelligence (+2).
   Dex:       It affects your dexterity (+4).
   rF:        It protects you from fire.
   Regen:     It increases your rate of health regeneration.
 O - a +0 tower shield of protection (worn)
Jewellery
 o - the ring of Hehor (left hand) {rN+ Str+6}
   (You acquired it on level 1 of the Snake Pit)

   [ring of positive energy]

   Str:       It affects your strength (+6).
   rN:        It protects you from negative energy.
 p - the ring of Caycsuv (right hand) {Fly rElec Str+2 Stlth+}
   (You acquired it on level 1 of the Snake Pit)

   [ring of flight]

   Str:       It affects your strength (+2).
   rElec:     It insulates you from electricity.
   Fly:       It grants you flight.
   Stlth:     It makes you more stealthy.
 T - an amulet of reflection (around neck)
 V - a ring of see invisible
Wands
 i - a wand of polymorph (27)
 j - a wand of paralysis (23)
 k - a wand of charming (11)
 q - a wand of mindburst (25)
 s - a wand of iceblast (12)
 x - a wand of flame (15)
 S - a wand of digging (3)
Scrolls
 e - a scroll of silence
 g - 11 scrolls of teleportation
 h - 5 scrolls of magic mapping
 n - 6 scrolls of blinking
 y - 5 scrolls of summoning
 H - 7 scrolls of fog
 L - 3 scrolls of enchant armour
 U - 5 scrolls of fear
Potions
 a - 5 potions of curing
 d - 6 potions of ambrosia
 l - 2 potions of might
 A - 2 potions of resistance
 B - 4 potions of cancellation
 I - 4 potions of flight
 N - 6 potions of heal wounds
 P - 4 potions of berserk rage
Miscellaneous
 t - a lightning rod (4/4)
 v - a phantom mirror
 Q - a box of beasts
 R - a condenser vane
 W - a phantom mirror
 X - a phial of floods
 Z - a box of beasts


   Skills:
 * Level 15.1 Fighting
 + Level 4.1 Long Blades
 + Level 15.4 Polearms
 + Level 4.5 Throwing
 * Level 15.9 Armour
 + Level 2.5 Dodging
 + Level 2.5 Stealth
 * Level 18.7 Shields
 * Level 16.9 Evocations


You had 17 spell levels left.
You didn't know any spells.
Your spell library was empty.

Dungeon Overview and Level Annotations

Branches:
Dungeon (15/15)            Temple (0/1) D:5            Lair (6/6) D:10
  Swamp (4/4) Lair:3        Snake (1/4) Lair:2        Slime (0/5) Lair:6
    Orc (2/2) D:12            Elf (3/3) Orc:2        Vaults (0/5) D:13
 Depths (0/4) D:15        Ossuary (visited)          Bailey (visited)

Altars:
Elyvilon
Kikubaaqudgha
Makhleb
Okawaru
Sif Muna
Vehumet
Wu Jian
Xom
Yredelemnul
Beogh

Shops:
D:4 ?*(:   D:10 ***(   D:12 :   D:15 :   Orc:2 ![[(   Elf:1 (   Elf:2 :


Innate Abilities, Weirdness & Mutations

You are resistant to damage.
You can heal yourself by infusing magical energy.
You resist negative energy. (rN+)
You passively map a large area around you.
You do not regenerate.
You tend to lose your temper in combat.
You are dopey. (Int -2)
You are frail. (-10% HP)
You have an increased reservoir of magic. (+10% MP)


Message History

Aim: a deep elf sorcerer, wielding a +0 short sword (62% to hit)
You throw a javelin.
The javelin pierces through the deep elf high priest!
The deep elf high priest is lightly wounded.
The javelin pierces through the deep elf sorcerer!!
The deep elf sorcerer is heavily wounded.
The deep elf high priest utters an invocation to its god.
The deep elf high priest begins emitting a brilliant aura!
The deep elf sorcerer is empowered by the deep elf high priest's aura!
The deep elf sorcerer gestures wildly while chanting.
The deep elf sorcerer seems to speed up.
Throw: 17 boomerangs
Press: ? - help, Q - select action, (/) - cycle Shift-Dir - straight line, f/p - deep elf sorcerer
Aim: a deep elf sorcerer, wielding a +0 short sword (heavily wounded, fast, spells empowered, 62% to hit)
You throw a boomerang.
The boomerang barely misses the deep elf high priest.
The boomerang hits the deep elf sorcerer!
The deep elf sorcerer is severely wounded.
Unknown command.
The deep elf sorcerer becomes larger for a moment.
Throw: 3 throwing nets
Press: ? - help, Q - select action, (/) - cycle Shift-Dir - straight line, f/p - deep elf sorcerer
Aim: a deep elf sorcerer, wielding a +0 short sword (severely wounded, fast, spells empowered, 62% to hit)
You throw a throwing net.
The throwing net barely misses the deep elf sorcerer.
The throwing net barely misses the deep elf high priest.
The deep elf sorcerer gestures at you while chanting.
The bolt of acid hits you!!!
* * * LOW HITPOINT WARNING * * *
Unknown command.
Throw: 2 throwing nets
Press: ? - help, Q - select action, (/) - cycle Shift-Dir - straight line, f/p - deep elf sorcerer
Aim: a deep elf sorcerer, wielding a +0 short sword (heavily wounded, fast, spells empowered, 62% to hit)
You throw a throwing net.
The throwing net hits the deep elf sorcerer.
The deep elf sorcerer is caught in the net!
The deep elf sorcerer is heavily wounded.
The deep elf sorcerer points at you and mumbles some strange words.
The sphere of damnation explodes!
The damnation engulfs you!!!
You die...

,,,..e...(.##..,,,,**#..,,,,,,,,*
,,,.e..e...#)#*,,*###...,,,,,,,,*
,,,.e.4..(.).###*#(....:,,,,,,,,,
,,,.......e...(##.......,,,,,,,,,
,,,.......ee...((.......,,,,,,,,,
,,,##.........).ee......,,,**,,,,
,***###.......#))#.....,,******,,
**,,,,###....##))#*,...***,,,,***
,,,,,,,,#######)@#****#*,,,,,,,,*
,,,,,,,,* #..# *,,,,,,,,,
**,,,,*** #..# ***,,,,*** ******
#.)# ****** ### #..######## #####
###.### #..#......# #.... #.....#
###.....###.# ###.# ##.###.##
#))......##.#######.# #.## ##.#
#?###.).............#


You could see a deep elf sorcerer (fast, empowered, caught) and a deep elf high
priest (brilliance aura).

Vanquished Creatures
  Jorgrun (Swamp:1)
  A tentacled monstrosity (Swamp:2)
  A deep elf master archer (Elf:3)
  The ghost of curvature the Warrior, an adept MiFi of Okawaru (Elf:2)
  A deep elf blademaster (Elf:2)
  Kirke (Swamp:3)
  2 thorn hunters
  Roxanne (D:14)
  The ghost of Hucroesch the Warrior, an adept OpBe of Trog (Swamp:3)
  12 deep elf sorcerers (Elf:3)
  A ghoul (Swamp:3)
  3 deep elf demonologists
  3 eleionomae
  A vampire knight (D:14)
  3 deep elf annihilators (Elf:3)
  2 dire elephants (Swamp:4)
  5 bunyips
  5 deep elf death magi
  2 ettins
  2 shambling mangroves
  The ghost of Dorkslayer the Cleaver, a journeyman HOFi of Gozag (Orc:2)
  Fannar (Lair:3)
  2 deep elf high priests (Elf:3)
  8 vault guards (D:13)
  A ghost crab (Swamp:4)
  A juggernaut simulacrum (Abyss:3)
  27 hydras
  2 boulder beetles
  2 catoblepae
  A naga warrior (Snake:1)
  9 centaur warriors
  5 alligators
  5 two-headed ogres
  21 dancing weapons
  An ogre mage (D:13)
  5 death yaks
  2 vampire magi
  2 spriggan berserkers (Swamp:3)
  An orc high priest (Orc:2)
  Sonja (Lair:6)
  3 tengu warriors
  A shock serpent (Snake:1)
  A sun demon (Abyss:3)
  A thrashing horror (Abyss:3)
  4 skeletal warriors (D:11)
  22 spriggans
  12 deep elf knights
  A wretched star (Abyss:3)
  A spatial maelstrom (Abyss:3)
  5 goliath frogs
  6 spriggan druids
  A death drake (Swamp:3)
  A phantasmal warrior (Swamp:3)
  11 swamp dragons
  13 bog bodies
  12 deep elf archers
  A wizard (D:15)
  2 spectral hydras (Swamp:3)
  A harpy (D:13)
  2 deep trolls (D:15)
  2 mana vipers (Snake:1)
  23 deep elf zephyrmancers
  12 orc knights
  4 lindwurms (Lair:6)
  2 necromancers
  25 deep elf pyromancers
  A wolf spider zombie (D:14)
  A salamander (shapeshifter) (D:13)
  A will-o-the-wisp (Swamp:2)
  4 goliath frog zombies (Swamp:3)
  6 ugly things
  3 manticores
  5 orc sorcerers
  5 cyclopes
  21 elephants
  5 black mambas
  2 naga magi (Snake:1)
  A torpor snail (Lair:6)
  7 large abominations
  10 cane toads
  An unseen horror (D:13)
  Maggie (D:7)
  8 komodo dragons
  4 redback zombies (D:14)
  2 yaktaurs
  3 swamp worm zombies (Swamp:3)
  2 freezing wraiths (D:13)
  An ancient zyme (Abyss:3)
  7 tyrant leeches
  7 trolls
  4 polar bears
  7 meliai
  A queen bee (D:12)
  6 slime creatures (D:13)
  An alligator zombie (Swamp:3)
  4 spectral swamp dragons (Swamp:3)
  2 meliai zombies (D:14)
  14 hornets
  17 blink frogs
  3 raiju (Abyss:3)
  7 dream sheep (Lair:5)
  30 flying skulls (D:14)
  9 vampires
  5 air elementals
  A shadow (Abyss:3)
  26 yaks
  A centaur simulacrum (D:13)
  A water elemental (Elf:1)
  A yak (shapeshifter) (Elf:1)
  4 wraiths
  4 basilisks
  3 wyverns
  4 fire elementals
  A hog (Swamp:2)
  6 tyrant leech zombies (Swamp:3)
  4 steam dragons
  11 vampire mosquitoes
  10 swamp worms
  8 wargs
  A naga (Snake:1)
  11 water moccasins
  A floating eye (shapeshifter) (Elf:2)
  A hell hound (Swamp:4)
  9 swamp drakes
  8 black bears
  47 orc warriors
  An ice beast (D:7)
  4 boggarts (Lair:6)
  9 ogres
  11 centaurs
  26 wolves
  A phantom (D:6)
  5 kobold brigands
  2 elf zombies (Ossuary)
  11 bullfrogs
  2 small abominations (Abyss:3)
  3 scorpions
  A wyvern zombie (D:7)
  4 earth elementals
  A troll zombie (Swamp:3)
  26 killer bees
  A spriggan zombie (Swamp:3)
  A water moccasin skeleton (D:4)
  15 wights
  An electric eel (D:8)
  2 howler monkeys
  17 centaur zombies
  6 hounds
  8 human zombies
  A jelly (D:7)
  16 orc priests
  A centaur skeleton (D:3)
  A scorpion zombie (D:5)
  4 iguanas
  17 orc wizards
  2 hound skeletons
  2 mummies (Ossuary)
  A howler monkey zombie (D:8)
  A howler monkey skeleton (D:7)
  7 adders
  A shadow imp (D:6)
  A white imp (Abyss:3)
  A dart slug (D:3)
  111 orcs
  A bat (D:2)
  3 endoplasms
  A giant cockroach (D:4)
  4 gnoll zombies (Ossuary)
  8 goblins
  4 hobgoblins
  3 jackals
  2 ball pythons (D:1)
  2 frilled lizards
  2 goblin zombies (Ossuary)
  4 hobgoblin zombies (Ossuary)
  20 kobolds
  An orc zombie (Ossuary)
  2 rats
1079 creatures vanquished.

Vanquished Creatures (collateral kills)
  3 ghouls (Swamp:2)
  A will-o-the-wisp (Swamp:2)
  A vampire mosquito (Swamp:2)
5 creatures vanquished.

Vanquished Creatures (others)
  A hydra (Swamp:1)
  4 deep elf knights
  2 deep elf pyromancers (Elf:1)
  2 deep elf zephyrmancers
  A bloated husk (Swamp:2)
  A water elemental (Elf:1)
  2 humans (Swamp:3)
  A swamp drake (Swamp:3)
  An orc (Orc:2)
  9 foxfires (Swamp:2)
  35 fungi
  33 plants
  5 withered plants (Swamp:3)
97 creatures vanquished.

Grand Total: 1181 creatures vanquished

Notes
Turn   | Place    | Note
-------+----------+-------------------------------------------
     0 | D:1      | Dorkslayer the Deep Dwarf Berserker began the quest for the
                  | Orb.
     0 | D:1      | Reached XP level 1. HP: 20/20 MP: 1/1
   165 | D:1      | Noticed a great orb of eyes
   168 | D:1      | Found a faded altar of an unknown god.
   169 | D:1      | Noticed a golden eye
   169 | D:1      | Noticed an eye of devastation
   169 | D:1      | Noticed a golden eye
   460 | D:1      | Reached XP level 2. HP: 22/27 MP: 2/2
  1111 | D:3      | Reached XP level 3. HP: 13/34 MP: 3/3
  1323 | D:3      | Reached skill level 1 in Evocations
  1388 | D:3      | Reached XP level 4. HP: 11/42 MP: 4/4
  1579 | D:3      | Reached ** piety under Trog
  1790 | D:4      | Found a sand-covered staircase.
  1804 | D:4      | Reached XP level 5. HP: 23/49 MP: 5/5
  1831 | Ossuary  | Entered an ossuary
  1850 | Ossuary  | Identified a scroll of acquirement
  1850 | Ossuary  | Acquired a +1 vampiric demon trident
  1999 | Ossuary  | Reached skill level 1 in Polearms
  2001 | Ossuary  | Reached XP level 6. HP: 28/56 MP: 6/6
  2281 | D:4      | Found a radiant altar of Vehumet.
  2373 | D:4      | Found Zuzuown's Antique Weapon Shop.
  2373 | D:4      | Found Ulofoino's Book Shop.
  2374 | D:4      | Found Qauv's Magic Scroll Shop.
  2381 | D:4      | Found Fyxywur's Assorted Antiques.
  2430 | D:4      | Bought a scroll labelled DOMMICS TUFIMM for 31 gold pieces
  2430 | D:4      | Bought a scroll labelled OLIQAC QIESU for 31 gold pieces
  2430 | D:4      | Bought a potion of might for 124 gold pieces
  2433 | D:4      | Bought a scroll of amnesia for 45 gold pieces
  2433 | D:4      | Bought a scroll of blinking for 97 gold pieces
  2760 | D:4      | Reached XP level 7. HP: 49/63 MP: 7/7
  2971 | D:5      | Entered Level 5 of the Dungeon
  3032 | D:5      | Found a staircase to the Ecumenical Temple.
  3911 | D:5      | Reached *** piety under Trog
  3930 | D:5      | Reached skill level 5 in Polearms
  3930 | D:5      | Reached XP level 8. HP: 72/72 MP: 8/8
  3951 | D:6      | Reached skill level 5 in Evocations
  3955 | D:6      | Reached skill level 5 in Armour
  4441 | D:6      | Reached skill level 1 in Throwing
  4651 | D:7      | Gained mutation: You passively map the area around you.
                  | [Deep Dwarf growth]
  4651 | D:7      | Reached XP level 9. HP: 79/79 MP: 9/9
  4710 | D:7      | Reached **** piety under Trog
  5050 | D:7      | Noticed Maggie
  5064 | D:7      | Killed Maggie
  5065 | D:7      | Reached skill level 5 in Fighting
  5159 | D:7      | Found a white marble altar of Elyvilon.
  5266 | D:7      | Noticed a two-headed ogre
  5278 | D:7      | Killed a two-headed ogre
  5552 | D:8      | Found a flagged portal.
  5571 | Bailey   | Entered a bailey
  5598 | Bailey   | Reached XP level 10. HP: 42/88 MP: 9/9
  5663 | Bailey   | Reached skill level 1 in Shields
  5907 | D:8      | Paralysed by a hornet for 2 turns
  5925 | D:8      | Reached skill level 2 in Shields
  6010 | D:8      | Noticed a cyclops
  6022 | D:8      | Killed a cyclops
  6319 | D:9      | Reached skill level 3 in Shields
  6565 | D:9      | Reached skill level 10 in Polearms
  6790 | D:10     | Entered Level 10 of the Dungeon
  6797 | D:10     | Reached ***** piety under Trog
  6798 | D:10     | Reached XP level 11. HP: 84/99 MP: 10/10
  6832 | D:10     | Found Noiplise's Assorted Antiques.
  6835 | D:10     | Bought a wand of iceblast (6) for 120 gold pieces
  6835 | D:10     | Bought a wooden wand for 120 gold pieces
  6835 | D:10     | Bought a scroll of enchant armour for 225 gold pieces
  6979 | D:10     | Found Ludaqer's General Store.
  7050 | D:10     | Found Jima's Assorted Antiques.
  7107 | D:10     | Found a staircase to the Lair.
  7138 | D:10     | Found Catuboku's Weapon Boutique.
  7294 | D:10     | Noticed a two-headed ogre
  7302 | D:10     | Killed a two-headed ogre
  7303 | D:10     | Reached skill level 4 in Shields
  7743 | D:11     | Identified the +4 hand crossbow "Giantslayer" {freeze,
                  | *Slow rPois Int+6 SInv}
  7934 | D:11     | Noticed a skeletal warrior
  7936 | D:11     | Noticed a skeletal warrior
  7937 | D:11     | Noticed a skeletal warrior
  7941 | D:11     | Noticed a skeletal warrior
  7948 | D:11     | Killed a skeletal warrior
  7952 | D:11     | Killed a skeletal warrior
  7997 | D:11     | Killed a skeletal warrior
  7999 | D:11     | Killed a skeletal warrior
  8007 | D:11     | Received a gift from Trog
  8008 | D:11     | Reached skill level 5 in Shields
  8471 | D:12     | Noticed a two-headed ogre
  8479 | D:12     | Killed a two-headed ogre
  8533 | D:12     | Found Mahy's Book Emporium.
  8623 | D:12     | Identified the +1 leather armour of Bellicose Joy {rCorr
                  | Str+4}
  8707 | D:12     | You fall into a shaft and drop 2 floors!
  8789 | D:14     | Reached XP level 12. HP: 84/110 MP: 11/11
  8827 | D:14     | Reached skill level 10 in Evocations
  8935 | D:13     | Reached skill level 10 in Armour
  9048 | D:12     | Found a staircase to the Orcish Mines.
  9372 | D:12     | Identified the +4 spear "Nates" {vorpal, rC+ rN+} (Trog
                  | gifted it to you on level 12 of the Dungeon)
  9372 | D:12     | Received a gift from Trog
  9558 | D:12     | Reached skill level 6 in Shields
  9672 | Orc:1    | Entered Level 1 of the Orcish Mines
 10127 | Orc:2    | Entered Level 2 of the Orcish Mines
 10156 | Orc:2    | Found a staircase to the Elven Halls.
 10216 | Orc:2    | Noticed an orc high priest
 10222 | Orc:2    | Killed an orc high priest
 10301 | Orc:2    | Noticed an ettin
 10330 | Orc:2    | Killed an ettin
 10392 | Orc:2    | Reached XP level 13. HP: 74/121 MP: 12/12
 10531 | Orc:2    | Received a gift from Trog
 10888 | Orc:2    | Reached skill level 7 in Shields
 10928 | Orc:2    | Found Jiucracw's Distillery.
 10928 | Orc:2    | Found Xelir's Armour Shop.
 10933 | Orc:2    | Bought a potion of heal wounds for 85 gold pieces
 10933 | Orc:2    | Bought a potion of curing for 51 gold pieces
 10957 | Orc:2    | Upgraded the game from 0.29-a0-25-g7f48f51 to
                  | 0.29-a0-40-g8eb35ef
 11008 | Orc:2    | Found a runed translucent door.
 11009 | Orc:2    | Found a shimmering altar of Xom.
 11009 | Orc:2    | Noticed Dorkslayer's ghost (journeyman HOFi)
 11036 | Orc:2    | Killed Dorkslayer's ghost
 11153 | Orc:2    | Found Hum Veun's Antique Armour Emporium.
 11153 | Orc:2    | Found Luxuuty's Antique Weapon Shop.
 11456 | D:13     | Reached skill level 10 in Fighting
 11595 | D:13     | Found a gate to the Vaults.
 11776 | D:13     | Reached ****** piety under Trog
 11794 | D:13     | Gained mutation: You resist negative energy. (rN+) [Deep
                  | Dwarf growth]
 11794 | D:13     | Reached XP level 14. HP: 133/133 MP: 13/13
 11904 | D:13     | Received a gift from Trog
 11937 | D:13     | Reached skill level 8 in Shields
 12055 | D:13     | Identified the +1 plate armour "Zootreb" {Str+2 Dex+3}
 12630 | D:4      | Bought a scroll of acquirement for 676 gold pieces
 12630 | D:4      | Acquired 474 gold pieces
 13038 | Elf:1    | Entered Level 1 of the Elven Halls
 13103 | Orc:2    | Bought a brightly glowing helmet for 323 gold pieces
 13103 | Orc:2    | Identified the +0 helmet of Impressiveness {rF+ Regen+
                  | Int+2 Dex+4} (You bought it in a shop on level 2 of the
                  | Orcish Mines)
 13103 | Orc:2    | Bought a glowing tower shield for 255 gold pieces
 13209 | Orc:2    | Bought a potion of haste for 170 gold pieces
 13665 | Elf:1    | Reached skill level 9 in Shields
 13905 | Elf:1    | Found Oviol's Antique Weapon Shop.
 14101 | Elf:1    | Paralysed by an air elemental for 1 turns
 14224 | Elf:1    | Identified the +3 glaive of Mutualism {antimagic, Dex+2
                  | SInv} (Trog gifted it to you on level 1 of the Elven Halls)
 14224 | Elf:1    | Received a gift from Trog
 14605 | D:14     | Reached skill level 10 in Shields
 14850 | D:14     | Found a basalt altar of Yredelemnul.
 14858 | D:14     | Reached XP level 15. HP: 124/142 MP: 12/12
 15042 | D:14     | Reached skill level 1 in Stealth
 15106 | D:14     | Identified Roxanne's Catalogue of Shape Shifting
 15106 | D:14     | Noticed Roxanne
 15151 | D:14     | Killed Roxanne
 15215 | D:14     | Found an ancient bone altar of Kikubaaqudgha.
 15466 | D:14     | Reached skill level 11 in Shields
 15516 | D:14     | Found an ornate altar of the Wu Jian Council.
 15583 | D:15     | Entered Level 15 of the Dungeon
 15613 | D:15     | Found Dyqaokh's Book Emporium.
 15788 | D:15     | Found a burning altar of Makhleb.
 16141 | D:15     | Found a staircase to the Depths.
 16516 | Lair:1   | Entered Level 1 of the Lair of Beasts
 16541 | Lair:1   | Received a gift from Trog
 16591 | Lair:1   | Reached skill level 12 in Shields
 16606 | Lair:1   | You fall into a shaft and drop 1 floor!
 17323 | Lair:2   | Found a staircase to the Snake Pit.
 17976 | Lair:3   | Noticed Fannar
 18167 | Lair:3   | Found a staircase to the Swamp.
 18233 | Lair:3   | Killed Fannar
 19120 | Lair:5   | Reached XP level 16. HP: 140/154 MP: 13/13
 19160 | Lair:5   | Reached skill level 13 in Shields
 20043 | Lair:6   | Entered Level 6 of the Lair of Beasts
 20266 | Lair:6   | Received a gift from Trog
 20452 | Lair:6   | Identified the -6 kite shield of Agoraphobia {rC+++ rN+
                  | Str-4 Int-5}
 20682 | Lair:6   | Reached skill level 14 in Shields
 20849 | Lair:6   | Found an iron altar of Okawaru.
 20910 | Lair:6   | Received a gift from Trog
 20980 | Lair:6   | Found a staircase to the Slime Pits.
 20990 | Lair:6   | Noticed Sonja
 21011 | Lair:6   | Killed Sonja
 21246 | Lair:6   | Identified the +6 short sword of Precise Incision {elec,
                  | Int+2}
 21338 | Lair:3   | Upgraded the game from 0.29-a0-40-g8eb35ef to
                  | 0.29-a0-42-g9fc6a9d
 21390 | Swamp:1  | Entered Level 1 of the Swamp
 21524 | Swamp:1  | Reached skill level 15 in Evocations
 21838 | Swamp:1  | Noticed Jorgrun
 21859 | Swamp:1  | Killed Jorgrun
 21900 | Swamp:1  | Upgraded the game from 0.29-a0-42-g9fc6a9d to
                  | 0.29-a0-44-g72cdf85
 22040 | Swamp:2  | Reached skill level 15 in Shields
 22144 | Swamp:2  | Received a gift from Trog
 22602 | Swamp:2  | Found a shimmering blue altar of Sif Muna.
 22722 | Swamp:2  | Reached XP level 17. HP: 164/164 MP: 14/14
 22738 | Swamp:2  | Noticed a tentacled monstrosity
 22772 | Swamp:2  | Killed a tentacled monstrosity
 23438 | Swamp:3  | Noticed Kirke
 23456 | Swamp:3  | Reached skill level 16 in Shields
 23499 | Swamp:3  | Killed Kirke
 23968 | Swamp:3  | Noticed Hucroesch's ghost (adept OpBe)
 24011 | Swamp:3  | Found a runed translucent gate.
 24011 | Swamp:3  | Found a runed translucent gate.
 24051 | Swamp:3  | Found a runed translucent gate.
 24084 | Swamp:3  | Reached skill level 15 in Armour
 24140 | Swamp:3  | Killed Hucroesch's ghost
 24178 | Swamp:4  | Entered Level 4 of the Swamp
 24572 | Swamp:4  | Received a gift from Trog
 24573 | Swamp:4  | Reached skill level 15 in Polearms
 24573 | Swamp:4  | Reached skill level 17 in Shields
 24634 | Swamp:4  | Got a decaying rune of Zot
 24909 | Snake:1  | Entered Level 1 of the Snake Pit
 25040 | Snake:1  | Acquired the ring of Caycsuv {Fly rElec Str+2 Stlth+}
 25059 | Snake:1  | Acquired the ring of Hehor {rN+ Str+6}
 25066 | Snake:1  | Acquired 730 gold pieces
 25331 | D:4      | Bought a scroll of enchant armour for 97 gold pieces
 25331 | D:4      | Bought a scroll of enchant armour for 97 gold pieces
 25566 | D:10     | Gained mutation: You have a pair of small antennae on your
                  | head. [potion of mutation]
 25566 | D:10     | Gained mutation: Your magical capacity is low. (-10% MP)
                  | [potion of mutation]
 25567 | D:10     | Lost mutation: Your magical capacity is low. (-10% MP)
                  | [potion of mutation]
 25567 | D:10     | Lost mutation: You have a pair of small antennae on your
                  | head. [potion of mutation]
 25567 | D:10     | Gained mutation: You have hidden genetic defects. [potion
                  | of mutation]
 25567 | D:10     | Gained mutation: You are weak. (Str -2) [potion of
                  | mutation]
 25567 | D:10     | Gained mutation: You have an increased reservoir of magic.
                  | (+10% MP) [potion of mutation]
 25567 | D:10     | Gained mutation: You are covered in fur. (AC +1) [potion of
                  | mutation]
 25568 | D:10     | Lost mutation: You have hidden genetic defects. [potion of
                  | mutation]
 25568 | D:10     | Lost mutation: You are weak. (Str -2) [potion of mutation]
 25568 | D:10     | Lost mutation: You are covered in fur. (AC +1) [potion of
                  | mutation]
 25568 | D:10     | Gained mutation: You are frail. (-10% HP) [potion of
                  | mutation]
 25568 | D:10     | Gained mutation: You are dopey. (Int -2) [potion of
                  | mutation]
 25568 | D:10     | Gained mutation: You tend to lose your temper in combat.
                  | [potion of mutation]
 25602 | D:10     | Bought a potion of ambrosia for 240 gold pieces
 25602 | D:10     | Bought a lightning rod (4/4) for 900 gold pieces
 25642 | D:10     | Bought a wand of iceblast (3) for 100 gold pieces
 25642 | D:10     | Bought a potion of heal wounds for 125 gold pieces
 25642 | D:10     | Bought a scroll of identify for 50 gold pieces
 25713 | Orc:2    | Bought a potion of curing for 51 gold pieces
 25713 | Orc:2    | Bought a potion of curing for 51 gold pieces
 25898 | Elf:2    | Noticed a deep elf blademaster
 25911 | Elf:2    | Gained mutation: You passively map a large area around you.
                  | [Deep Dwarf growth]
 25911 | Elf:2    | Reached XP level 18. HP: 102/157 MP: 15/15
 25941 | Elf:2    | Found a runed translucent gate.
 25941 | Elf:2    | Found a runed translucent gate.
 25942 | Elf:2    | Found a runed translucent gate.
 26292 | Elf:2    | Found a runed translucent door.
 26292 | Elf:2    | Noticed curvature's ghost (adept MiFi)
 26418 | Elf:2    | Killed curvature's ghost
 26418 | Elf:2    | Received a gift from Trog
 26579 | Elf:2    | Found Gycvefywips's Book Emporium.
 26625 | Elf:2    | Reached skill level 18 in Shields
 26656 | Elf:2    | Paralysed by an air elemental for 1 turns
 26732 | Elf:3    | Entered Level 3 of the Elven Halls
 26741 | Elf:3    | Found Gaanloecw's Jewellery Emporium.
 27250 | Elf:3    | Paralysed by an air elemental for 1 turns
 27393 | Elf:3    | Received a gift from Trog
 27544 | Elf:3    | Paralysed by an air elemental for 1 turns
 27581 | Elf:3    | Reached skill level 15 in Fighting
 27582 | Elf:3    | Noticed an Ice Fiend
 27585 | Elf:3    | Cast into level 2 of the Abyss (a deep elf demonologist)
 27878 | Abyss:3  | Paralysed by accursed screaming for 1 turns
 27887 | Abyss:3  | Paralysed by accursed screaming for 1 turns
 27916 | Elf:3    | Escaped the Abyss
 27977 | Elf:3    | Identified the +1 plate armour "Ganughan" {Harm rF+++ rCorr
                  | Str-3}
 27989 | Elf:3    | Noticed a Tzitzimitl
 28013 | Elf:3    | Killed from afar by a deep elf sorcerer

Illustrated notes

Levels and vault maps discovered:
D:1:      dpeg_arrival_three_same_balls, layout_loops_ring,
          hellmonk_ecumenical_altar_watching_god
D:2:      layout_rooms
D:3:      layout_loops_ring, nicolae_elevator_lobby_asterisk
D:4:      layout_layer_cave, kennysheep_little_box, enter_ossuary_3,
          serial_park_tiny_pond, minmay_shop_grid_forest, st_stairs_14,
          minmay_circle_x
D:5:      layout_gridville, minmay_temple_entry_trees, corner_web_ring
D:6:      layout_loops_ring, serial_glass, glass_columns_b, glass_columns_c,
          glass_columns_b, glass_columns_a, glass_columns_a, glass_columns_a,
          st_stairs_1
D:7:      layout_gridville, elyvilon_altar_5, serial_bayou_pond_e, uniq_maggie
D:8:      layout_rooms, enter_bailey_5, amcnicky_mini_pool_medium
D:9:      layout_roguey, corexii_hall_statues_s
D:10:     layout_loops_corners, dpeg_oklobed_lair, serial_shops, shop,
          nicolae_shop_waterfront, kennysheep_mini, nicolae_stop_n_shop_2
D:11:     layout_loops_ring
D:12:     layout_gridville, hiddenorc2_lemuel, serial_shops,
          nicolae_shop_hallway_stairs, special_room [special_room_bee]
D:13:     minmay_swirls_squares, layout_cross, erik_vaults_2
D:14:     lemuel_vampire_tower, layout_loops_ring, nzn_wu_jian_council_hall,
          roderic_cross_of_infinity, nicolae_yredelemnul_corpse_copse,
          uniq_roxanne
D:15:     hangedman_depths_entry_civil_slaughter, layout_long_grid,
          bloody_makhleb, serial_shops, shop
Lair:1:   layout_misc_corridors
Lair:2:   layout_small_grid, guppyfry_snake_entry_garden, lemuel_fruit_tree
Lair:3:   layout_regular_city, swamp_mist, uniq_fannar
Lair:4:   layout_layer_cave
Lair:5:   layout_layer_cave, grunt_megastairs_3
Lair:6:   minmay_lair_end_enchanted_forest, layout_big_grid, slime_dummy,
          basic_altar, grunt_forest_stairs_basic, minmay_lindwurm_lava,
          serial_bayou_shore_b, uniq_sonja
Swamp:1:  layout_basic_swamp, serial_swamp_ruin, evilmike_swamp_ruin_house_2,
          evilmike_swamp_ruin_house_1, evilmike_swamp_ruin_rubble_2,
          cheibrodos_swamp_pet_leeches, uniq_jorgrun
Swamp:2:  cheibrodos_swamp_monstrosity, layout_falls_marsh,
          nicolae_swamp_fairy_circle, nicolae_swamp_godswood, swamp_pool4,
          nicolae_swamp_well_well_well
Swamp:3:  cheibrodos_swamp_mausoleum, layout_falls_marsh, gammafunk_ghost_split,
          infiniplex_staircase_pool_2, swamp_pool5, uniq_kirke
Swamp:4:  swamp, layout_basic_swamp, swamp_pool4, beargit_elvish_explorers
Snake:1:  layout_misc_corridors, nicolae_snake_gridmaze_waves, uniq_frances
Orc:1:    layout_caves
Orc:2:    st_orc_town, layout_caves, basic_altar, ebering_ghost_xom
Elf:1:    elf_arrival_002, layout_geoelf_diagonals, serial_shops, shop,
          hangedman_corner_corridor, minmay_misc_feat_pillars
Elf:2:    nicolae_elf_blades_crystal_corner, layout_gridlike,
          ebering_ghost_inner_flame, serial_shops, nicolae_lakefront_shop
Elf:3:    minmay_elf_hall_spiked, layout_loops_corners, serial_shops, shop

Skill      XL: |  1  2  3  4  5  6  7  8  9 10 11 12 13 14 15 16 17 18 |
---------------+-------------------------------------------------------+-----
Fighting       | 3 4 5 6 7 9 10 11 12 13 14 15 | 15.1
Evocations     | 1 2 3 4 5 6 8 9 11 12 13 14 15 16 | 16.9
Long Blades    | 4 |  4.1
Armour         | 3 4 5 6 8 9 10 11 13 14 15 | 15.9
Polearms       | 1 3 5 7 9 10 11 12 13 14 15 | 15.4
Throwing       | 1 2 3 4 |  4.5
Shields        | 3 5 6 7 10 12 15 17 18 | 18.7
Stealth        | 1 2 |  2.5
Dodging        | |  2.5

Action                   |  1- 3 |  4- 6 |  7- 9 | 10-12 | 13-15 | 16-18 || total
-------------------------+-------+-------+-------+-------+-------+-------++-------
Melee: Falchion          |    82 |    47 |       |       |       |       ||   129
       Punch             |     1 |     2 |     2 |       |       |       ||     5
       Demon trident     |       |   105 |   250 |   806 |  1627 |  2028 ||  4816
Throw: Javelin           |       |       |    43 |    48 |    63 |    46 ||   200
       Throwing net      |       |       |       |       |       |     2 ||     2
       Boomerang         |       |       |       |       |       |     1 ||     1
Invok: Trog's Hand       |       |       |     1 |     7 |     5 |    19 ||    32
       Berserk           |       |       |     1 |     1 |     2 |     4 ||     8
 Abil: Heal Wounds       |       |     3 |     2 |     3 |    12 |    10 ||    30
Evoke: Wand              |       |       |     5 |     5 |    10 |    20 ||    40
       Condenser vane    |       |       |       |       |       |     2 ||     2
  Use: Scroll            |     2 |     6 |     3 |    18 |    12 |    24 ||    65
       Potion            |     3 |       |       |     1 |     5 |    18 ||    27
 Stab: Invisible         |       |       |       |       |     1 |     6 ||     7
       Petrified         |       |       |       |       |     3 |       ||     3
       Distracted        |       |       |       |       |       |     1 ||     1
Armor: Ring mail         |    28 |    17 |       |       |       |       ||    45
       Crystal plate arm |       |   113 |   196 |   514 |  1018 |   862 ||  2703
Dodge: Dodged            |    43 |    44 |    77 |   157 |   244 |   187 ||   752
Block: Buckler           |       |       |     3 |   160 |   130 |       ||   293
       Tower shield      |       |       |       |       |   895 |  1860 ||  2755
       Reflection        |       |       |       |       |       |    45 ||    45

Table legend: (Time is in decaauts)
 A = Elapsed time spent in this place.
 B = Non-inter-level travel time spent in this place.
 C = Inter-level travel time spent in this place.
 D = Time resting spent in this place.
 E = Time spent auto-exploring this place.
 F = Levels seen in this place.
 G = Mean time per level.
                   A        B        C        D        E       F      G
               +--------+--------+--------+--------+--------+-----+--------+
         Total |  27773 |  26625 |   1148 |    175 |   4167 |  36 |  771.5 |
       Dungeon |  13411 |  12410 |   1001 |     42 |   3498 |  15 |  894.1 |
          Lair |   4832 |   4791 |     41 |      0 |    447 |   6 |  805.3 |
         Swamp |   3669 |   3669 |      0 |     57 |     52 |   4 |  917.2 |
     Snake Pit |    183 |    171 |     12 |      0 |      0 |   1 |  183.0 |
  Orcish Mines |   1859 |   1789 |     70 |      0 |     35 |   2 |  929.5 |
   Elven Halls |   2977 |   2953 |     24 |     75 |    135 |   3 |  992.3 |
         Abyss |    318 |    318 |      0 |      0 |      0 |   3 |  106.0 |
       Ossuary |    232 |    232 |      0 |      0 |      0 |   1 |  232.0 |
        Bailey |    289 |    289 |      0 |      0 |      0 |   1 |  289.0 |
               +--------+--------+--------+--------+--------+-----+--------+

Top non-repeatable levels by time:
   Orc:2: 1437 daAuts
    D:10: 1371 daAuts
     D:4: 1267 daAuts
   Elf:1: 1237 daAuts
    D:14: 1231 daAuts
 Swamp:3: 1212 daAuts
    D:12: 1177 daAuts
 Swamp:2: 1131 daAuts
     D:5: 1125 daAuts
  Lair:6: 1100 daAuts
    D:13: 1082 daAuts
  Lair:5: 990 daAuts
     D:7: 979 daAuts
   Elf:3: 943 daAuts
  Lair:3: 807 daAuts
